 Dungeon Crawl Stone Soup version 0.21.1-1-g345015f (webtiles) character file.

37081 kae the Black Belt (level 13, -13/111 HPs)
             Began as a Demonspawn Monk on Apr 26, 2018.
             Was a High Priest of Wu Jian.
             Killed from afar by Josephine (25 damage)
             ... with a ghostly fireball
             ... on level 5 of the Lair of Beasts on Apr 28, 2018.
             The game lasted 00:26:33 (21234 turns).

kae the Black Belt (Demonspawn Monk)               Turns: 21234, Time: 00:26:34

Health: -13/111    AC: 26    Str: 12    XL:     13   Next: 56%
Magic:  13/13      EV:  9    Int: 14    God:    Wu Jian [*****.]
Gold:   873        SH:  0    Dex: 27    Spells: 12/12 levels left

rFire    . . .     SeeInvis +     - Unarmed
rCold    . . .     Gourm    .   (no shield)
rNeg     . . .     Faith    .   w - +0 scale mail "Uplar" {*Drain Dex+5} (curse)
rPois    .         Spirit   .   z - +0 hat {SInv}
rElec    .         Reflect  .   s - +2 cloak {MR+}
rCorr    .         Harm     .   q - +0 pair of gloves
MR       ++...     Rnd*Tele +   f - +2 pair of boots
Stlth    +.........             Q - amulet of regeneration
HPRegen  0.68/turn              C - +4 ring of protection
MPRegen  0.13/turn              F - +2 ring of slaying

@: sanguine armour, slowed, heavily drained, very slow
A: talons 2, agile 1, clever 1, foul stench 1, magic resistance 1, spiny 2,
teleportitis 1, rot immunity, sanguine armour 2
a: Wall Jump, Serpent's Lash, Heavenly Storm, Renounce Religion


You were on level 5 of the Lair of Beasts.
You worshipped Wu Jian.
Wu Jian was extremely pleased with you.
You were not hungry.

You visited 3 branches of the dungeon, and saw 19 of its levels.
You also visited: Labyrinth and Ossuary.

You collected 963 gold pieces.
You spent 90 gold pieces at shops.

Inventory:

Armour
 a - a +0 robe
 f - a +2 pair of boots (worn)
 m - a +4 ring mail
 q - a +0 pair of gloves (worn)
 s - a +2 cloak of magic resistance (worn)
 w - the cursed +0 scale mail "Uplar" (worn) {*Drain Dex+5}
   (You found it on level 8 of the Dungeon)

   It affects your dexterity (+5).
   It causes draining when unequipped.
   It has a curse placed upon it.
 z - a +0 hat of see invisible (worn)
Jewellery
 d - an uncursed ring of ice
 p - an uncursed ring of protection from magic
 r - an uncursed ring of protection from fire
 x - an uncursed ring of protection from cold
 C - a +4 ring of protection (left hand)
 E - an uncursed ring of see invisible
 F - a +2 ring of slaying (right hand)
 Q - an amulet of regeneration (around neck)
Wands
 t - a wand of acid (23)
 J - a wand of scattershot (5)
 K - a wand of disintegration (11)
 L - a wand of paralysis (18)
 M - a wand of polymorph (41)
Scrolls
 g - 4 scrolls of teleportation
 h - 11 scrolls of remove curse
 i - 14 scrolls of identify
 u - 4 scrolls of enchant weapon
 y - 2 scrolls of fog
 H - 2 scrolls of fear
 O - a scroll of amnesia
 P - a scroll of magic mapping
Potions
 c - 10 potions of curing
 e - a potion of brilliance
 j - 4 potions of heal wounds
 k - 2 potions of magic
 l - 2 potions of berserk rage
 n - a potion of cancellation
 o - 5 potions of haste
 A - 2 potions of agility
 G - a potion of resistance
 I - a potion of invisibility
 N - a potion of lignification
 R - a potion of flight
Books
 v - a book of Maledictions

   Spells                             Type                      Level
   a - Corona                         Hexes                        1
   b - Ensorcelled Hibernation        Hexes/Ice                    2
   c - Confuse                        Hexes                        3
   d - Tukima's Dance                 Hexes                        3
   e - Dazzling Spray                 Conjuration/Hexes            3
 B - a book of Debilitation

   Spells                             Type                      Level
   a - Corona                         Hexes                        1
   b - Slow                           Hexes                        2
   c - Inner Flame                    Hexes/Fire                   3
   d - Portal Projectile              Hexes/Translocation          3
   e - Cause Fear                     Hexes                        4
   f - Leda's Liquefaction            Hexes/Earth                  4
 D - a book of Callings

   Spells                             Type                      Level
   a - Summon Small Mammal            Summoning                    1
   b - Call Imp                       Summoning                    2
   c - Call Canine Familiar           Summoning                    3
   d - Summon Guardian Golem          Hexes/Summoning              3
   e - Summon Lightning Spire         Summoning/Air                4
   f - Summon Ice Beast               Ice/Summoning                4
Comestibles
 b - 31 rations


   Skills:
 + Level 13.4(9.9) Fighting
 + Level 2.7(0.0) Armour
 + Level 4.0(1.3) Dodging
 - Level 1.7(0.0) Stealth
 * Level 16.5(12.8) Unarmed Combat


You had 12 spell levels left.
You didn't know any spells.

Dungeon Overview and Level Annotations

Branches:
Dungeon (13/15)            Temple (1/1) D:4            Lair (5/6) D:11
  Swamp (0/4) Lair:3       Spider (0/4) Lair:2          Orc (0/2) D:11
  Slime: Lair:5-6    Vaults: D:13-14

Altars:
Ashenzari
Cheibriados
Dithmenos
Elyvilon
Fedhas
Gozag
Hepliaklqana
Kikubaaqudgha
Makhleb
Nemelex Xobeh
Okawaru
Qazlal
Ru
Sif Muna
Trog
Uskayaw
Vehumet
Wu Jian
Xom
Yredelemnul
Zin
The Shining One

Shops:
D:10 ?   D:11 *

Portals:
Trove: D:11 (give +8 demon blade)

Annotations:
Lair:5 Josephine


Innate Abilities, Weirdness & Mutations

You have razor-sharp toenails.
You may emit foul miasma when damaged in melee.
You are mostly covered in sharp spines.
You are immune to rotting.
When seriously injured, your bleeding wounds create thick armour. (AC +9)
You are agile. (Dex +2)
Your mind is acute. (Int +2)
You are resistant to hostile enchantments. (MR+)
You are occasionally teleported next to monsters.


Message History

You hit Josephine.
Josephine is almost dead.
The wraith is struck by your spines. The wraith hits you but does no damage.
You punch Josephine!
Josephine is almost dead.
Josephine is infused with unholy energy.
* * * LOW HITPOINT WARNING * * *
Josephine draws life force from you and is healed!
The wraith hits you but does no damage. The wraith is struck by your spines.
The wraith hits you.
* * * LOW HITPOINT WARNING * * *
The wraith drains your vigour!
You feel yourself slow down.
You hit Josephine.
Josephine is almost dead.
Your surroundings seem slightly different.
Found a hunting sling.
There are monsters nearby!
Josephine points at you and mumbles some strange words.
The ghostly flame explodes!
The ghostly fireball engulfs you!
You feel drained.
You die...

.... ......
...... #P..P..
....P..
###..)..P.
#.........
#@........
##...............
#P..............
#P...t........!.
##..............
#.WW@.........P#
##....W.........
#...........>..#
#......ยง.......#


You could see Josephine (invisible), 3 wraiths and a crocodile.

Vanquished Creatures
  Gastronok (D:10)
  A dire elephant (Lair:4)
  Nessos (Lair:5)
  A minotaur (Lab)
  A hydra (D:10)
  A centaur warrior (D:13)
  2 catoblepae (Lair:4)
  3 two-headed ogres (D:9)
  Urug (Lair:3)
  An unseen horror (D:11)
  The ghost of Kairos the Chopper, a novice VSFi of Okawaru (D:5)
  The ghost of lorenzova the Thaumaturge, a novice DECj of Vehumet (D:8)
  2 ugly things (D:12)
  2 cyclopes (D:13)
  A deep elf mage (D:12)
  A wolf spider zombie (D:12)
  A manticore (D:9)
  A torpor snail (Lair:4)
  3 elephants (Lair:4)
  2 black mambas (Lair:2)
  4 spiny frogs
  2 gargoyles
  A kobold demonologist (D:11)
  A rime drake (Lair:4)
  3 komodo dragons
  3 trolls
  10 blink frogs
  2 dream sheep (D:10)
  7 hippogriffs
  The ghost of Phong the Firebug, an amateur OpFE (D:4)
  3 wyverns
  A wraith (D:11)
  10 yaks
  2 shadows
  3 basilisks
  A hungry ghost (D:10)
  4 vampire mosquitoes (D:13)
  Grum (D:10)
  13 water moccasins
  An acid dragon (D:11)
  4 porcupines
  3 ice beasts
  2 sky beasts
  7 orc warriors
  2 eyes of draining
  A necrophage (D:9)
  3 phantoms
  3 ogres
  14 wolves
  2 centaurs
  8 crocodiles
  The ghost of inc the Conjurer, an amateur OpWz (D:3)
  15 bullfrogs
  2 elf skeletons (D:7)
  3 big kobolds (D:10)
  3 elf zombies
  2 wyvern zombies
  A water moccasin skeleton (D:9)
  4 scorpions
  6 killer bees
  4 wights (D:5)
  A spriggan skeleton (Lab)
  2 troll skeletons (Lab)
  An electric eel (Lair:4)
  3 howler monkeys
  3 centaur zombies
  6 crimson imps
  A bullfrog zombie (D:13)
  2 bullfrog skeletons (D:10)
  4 centaur skeletons
  2 jellies
  14 orc wizards
  Crazy Yiuf (D:3)
  5 hounds
  4 orc priests
  2 human zombies
  4 human skeletons (D:7)
  3 iguanas
  7 worker ants
  A hound skeleton (D:7)
  A hound zombie (D:5)
  2 mummies (Ossuary)
  2 gnolls (D:8)
  14 adders
  5 shadow imps
  2 adder skeletons
  2 adder zombies (Ossuary)
  3 worms
  2 dart slugs
  4 leopard geckos
  45 orcs
  2 ball pythons
  7 giant cockroaches
  7 goblins
  5 hobgoblins
  10 jackals
  7 kobolds
  3 quokkas
  10 bats
  6 frilled lizards
  2 goblin zombies (Ossuary)
  13 hobgoblin zombies (Ossuary)
  A jackal skeleton (D:4)
  A jackal zombie (Ossuary)
  9 kobold zombies (Ossuary)
  2 leopard gecko skeletons
  A leopard gecko zombie (D:5)
  An orc skeleton (D:7)
  7 orc zombies
  A quokka skeleton (D:7)
  7 rats
  A rat zombie (Ossuary)
  A plant (Lair:2)
443 creatures vanquished.

Vanquished Creatures (others)
  A bullfrog (D:8)
  A gnoll (D:8)
  An adder (D:9)
  An orc (D:8)
  3 fungi
  5 toadstools (Lair:4)
12 creatures vanquished.

Grand Total: 455 creatures vanquished

Notes
Turn   | Place    | Note
-------+----------+-------------------------------------------
     0 | D:1      | kae the Demonspawn Monk began the quest for the Orb.
     0 | D:1      | Reached XP level 1. HP: 18/18 MP: 1/1
   230 | D:1      | Reached skill level 3 in Unarmed Combat
   408 | D:1      | Gained mutation: You are partially covered in sharp spines. [demonic ancestry]
   408 | D:1      | Reached XP level 2. HP: 24/24 MP: 2/2
  1108 | D:2      | Reached XP level 3. HP: 25/29 MP: 3/3
  1280 | D:2      | Found a shadowy altar of Dithmenos.
  2186 | D:2      | Found a deep blue altar of Sif Muna.
  2257 | D:3      | Reached skill level 4 in Unarmed Combat
  2257 | D:3      | Gained mutation: When seriously injured, your bleeding wounds create armour. (AC +9) [demonic ancestry]
  2257 | D:3      | Reached XP level 4. HP: 35/37 MP: 4/4
  2710 | D:3      | Noticed inc's ghost (amateur OpWz)
  2724 | D:3      | Killed inc's ghost
  2724 | D:3      | Gained mutation: You have sharp toenails. [demonic ancestry]
  2724 | D:3      | Reached XP level 5. HP: 40/42 MP: 5/5
  2921 | D:3      | Found a runed door.
  3387 | D:3      | Noticed Crazy Yiuf
  3393 | D:3      | Killed Crazy Yiuf
  3393 | D:3      | Reached skill level 5 in Unarmed Combat
  3640 | D:4      | Reached XP level 6. HP: 47/49 MP: 6/6
  3695 | D:4      | Noticed Phong's ghost (amateur OpFE)
  3709 | D:4      | Killed Phong's ghost
  3709 | D:4      | Reached skill level 5 in Fighting
  3734 | D:4      | Found a snail-covered altar of Cheibriados.
  3770 | D:4      | Found a staircase to the Ecumenical Temple.
  3809 | D:4      | Reached skill level 6 in Unarmed Combat
  3848 | Temple   | Entered the Ecumenical Temple
  4242 | D:4      | Found a bloodstained altar of Trog.
  4243 | D:4      | Found a hazy altar of Hepliaklqana.
  4340 | D:5      | Entered Level 5 of the Dungeon
  4340 | D:5      | Noticed Kairos's ghost (novice VSFi)
  4651 | D:5      | Noticed an ice beast
  4665 | D:5      | Killed an ice beast
  4665 | D:5      | Gained mutation: You have razor-sharp toenails. [demonic ancestry]
  4665 | D:5      | Reached XP level 7. HP: 40/56 MP: 7/7
  4791 | D:5      | Noticed a yak
  4792 | D:5      | Noticed a yak
  4792 | D:5      | Noticed a yak
  4793 | D:5      | Noticed a yak
  4793 | D:5      | Noticed a yak
  4820 | D:5      | Killed a yak
  4834 | D:5      | Killed a yak
  4834 | D:5      | Reached skill level 7 in Unarmed Combat
  4844 | D:5      | Killed a yak
  4844 | D:5      | Gained mutation: You are mostly covered in sharp spines. [demonic ancestry]
  4844 | D:5      | Reached XP level 8. HP: 46/64 MP: 8/8
  4858 | D:5      | Reached skill level 8 in Unarmed Combat
  5112 | D:5      | Killed Kairos's ghost
  5227 | D:5      | Reached skill level 9 in Unarmed Combat
  5491 | D:5      | Reached XP level 9. HP: 64/72 MP: 9/9
  6180 | D:6      | Reached skill level 10 in Unarmed Combat
  6852 | D:7      | Gained mutation: You are occasionally teleported next to monsters. [potion of mutation]
  6852 | D:7      | Gained mutation: You tend to lose your temper in combat. [potion of mutation]
  6852 | D:7      | Gained mutation: You are robust. (+10% HP) [potion of mutation]
  6852 | D:7      | Gained mutation: You are agile. (Dex +2) [potion of mutation]
  7186 | D:7      | Found a sand-covered staircase.
  7199 | Ossuary  | Entered an ossuary
  7529 | Ossuary  | Reached skill level 11 in Unarmed Combat
  7588 | Ossuary  | Gained mutation: You are immune to rotting. [demonic ancestry]
  7588 | Ossuary  | Reached XP level 10. HP: 83/90 MP: 10/10
  8264 | D:8      | Noticed lorenzova's ghost (novice DECj)
  8285 | D:8      | Killed lorenzova's ghost
  8382 | D:8      | Got a jewelled scale mail
  8507 | D:8      | Identified the cursed +0 scale mail "Uplar" {*Drain Dex+5} (You found it on level 8 of the Dungeon)
  9156 | D:9      | Noticed a two-headed ogre
  9162 | D:9      | Noticed a two-headed ogre
  9174 | D:9      | Noticed a two-headed ogre
  9186 | D:9      | Killed a two-headed ogre
  9186 | D:9      | Reached skill level 12 in Unarmed Combat
  9508 | D:9      | Reached skill level 10 in Fighting
  9664 | D:9      | Found an ornate altar of the Wu Jian Council.
  9758 | D:9      | Found a radiant altar of Vehumet.
  9779 | D:9      | Noticed a manticore
  9784 | D:9      | Killed a manticore
  9820 | D:9      | Killed a two-headed ogre
  9834 | D:9      | Gained mutation: You may emit foul miasma when damaged in melee. [demonic ancestry]
  9834 | D:9      | Reached XP level 11. HP: 23/101 MP: 11/11
 10094 | D:9      | Became a worshipper of the Wu Jian Council
 10094 | D:9      | Reached * piety under Wu Jian
 10094 | D:9      | Reached ** piety under Wu Jian
 10140 | D:9      | Killed a two-headed ogre
 10658 | D:10     | Entered Level 10 of the Dungeon
 10658 | D:10     | Found Futrukh's Magic Scroll Shop.
 10669 | D:10     | Reached skill level 13 in Unarmed Combat
 10679 | D:10     | Bought a scroll of identify for 30 gold pieces
 10679 | D:10     | Bought a scroll of identify for 30 gold pieces
 10679 | D:10     | Bought a scroll of identify for 30 gold pieces
 10763 | D:10     | Noticed Grum
 10768 | D:10     | Killed Grum
 10874 | D:10     | Noticed a three-headed hydra
 10882 | D:10     | Killed a three-headed hydra
 11229 | D:10     | Noticed Gastronok
 11246 | D:10     | Killed Gastronok
 11501 | D:10     | Reached skill level 14 in Unarmed Combat
 11533 | D:10     | Found a shimmering altar of Xom.
 11778 | D:11     | Reached *** piety under Wu Jian
 11787 | D:11     | Gained mutation: Your body sometimes deteriorates upon taking damage. [a neqoxec]
 11932 | D:11     | Found a staircase to the Lair.
 12039 | D:11     | Noticed an unseen horror
 12047 | D:11     | Killed an unseen horror
 12076 | D:11     | Gained mutation: When seriously injured, your bleeding wounds create thick armour. (AC +9) [demonic ancestry]
 12076 | D:11     | Reached XP level 12. HP: 109/111 MP: 1/12
 12098 | D:11     | Found a staircase to the Orcish Mines.
 12108 | D:11     | Found Wair's Elemental Accessories.
 12125 | D:11     | Found a portal to a secret trove of treasure.
 13563 | D:13     | Identified a scroll of acquirement
 13682 | D:13     | Reached **** piety under Wu Jian
 13737 | D:13     | Noticed a centaur warrior
 13740 | D:13     | Reached skill level 15 in Unarmed Combat
 13745 | D:13     | Killed a centaur warrior
 14810 | D:10     | Lost mutation: Your body sometimes deteriorates upon taking damage. [potion of mutation]
 14810 | D:10     | Lost mutation: You are robust. (+10% HP) [potion of mutation]
 14810 | D:10     | Lost mutation: You tend to lose your temper in combat. [potion of mutation]
 14810 | D:10     | Gained mutation: Your mind is acute. (Int +2) [potion of mutation]
 14810 | D:10     | Gained mutation: You are resistant to hostile enchantments. (MR+) [potion of mutation]
 14827 | Lair:1   | Entered Level 1 of the Lair of Beasts
 15489 | Lair:2   | Found a labyrinth entrance.
 15609 | Lab      | Entered a labyrinth
 16886 | Lab      | Noticed a minotaur
 16894 | Lab      | Killed a minotaur
 17708 | Lair:2   | Found a hole to the Spider Nest.
 18466 | Lair:3   | Reached XP level 13. HP: 109/109 MP: 13/13
 18471 | Lair:3   | Noticed Urug
 18483 | Lair:3   | Killed Urug
 18483 | Lair:3   | Reached skill level 16 in Unarmed Combat
 19353 | Lair:3   | Found a staircase to the Swamp.
 20151 | Lair:4   | Reached skill level 1 in Armour
 20276 | Lair:4   | Reached ***** piety under Wu Jian
 20332 | Lair:4   | Found a runed door.
 20852 | Lair:4   | Noticed a dire elephant
 20886 | Lair:4   | Killed a dire elephant
 21175 | Lair:5   | Noticed Nessos
 21188 | Lair:5   | Killed Nessos
 21221 | Lair:5   | Noticed Josephine
 21234 | Lair:5   | Killed from afar by Josephine

Skill      XL: |  1  2  3  4  5  6  7  8  9 10 11 12 13 |
---------------+----------------------------------------+-----
Unarmed Combat | 3 4 5 6 7 9 11 12 14 15 16 | 16.5
Fighting       | 4 5 6 7 8 10 11 12 13 | 13.4
Armour         | 2 |  2.7
Dodging        | 4 |  4.0
Stealth        | |  1.7

Action                   |  1- 3 |  4- 6 |  7- 9 | 10-12 | 13-15 || total
-------------------------+-------+-------+-------+-------+-------++-------
Melee: Unarmed           |    84 |   141 |   327 |   679 |   207 ||  1438
       Punch             |     1 |       |    16 |    59 |    22 ||    98
       Kick              |       |    26 |    42 |       |       ||    68
Invok: Lunge             |       |       |       |    34 |    12 ||    46
       Whirlwind         |       |       |       |    32 |    13 ||    45
       Wall Jump         |       |       |       |    24 |     3 ||    27
Evoke: Wand              |       |       |       |    23 |       ||    23
  Use: Scroll            |       |     6 |     7 |    12 |     3 ||    28
       Potion            |       |       |     5 |     9 |       ||    14
 Stab: Sleeping          |     6 |     5 |     1 |     2 |       ||    14
       Distracted        |       |       |     3 |     1 |       ||     4
       Invisible         |       |       |       |    13 |       ||    13
  Eat: Chunk             |     1 |     6 |     9 |    21 |     5 ||    42
       Ration            |     1 |       |       |     5 |     1 ||     7
Armor: Robe              |     4 |     6 |       |       |       ||    10
       Ring mail         |       |    27 |    92 |    28 |       ||   147
       Scale mail        |       |       |       |   178 |    88 ||   266
Dodge: Dodged            |    43 |    65 |   114 |   223 |    73 ||   518
